[ AOE2 MATCH · #484460360 ]
UnrankedTeutons vs Portuguese
[ REPLAY ANALYSIS · EXTRACTED FROM THE RECORDED GAME ]
Feudal
—
Castle
—
Imperial
—
| APM avg | 50.8 |
| APM peak | 329 |
| eAPM avg | 46.9 |
| Villagers / military | 355 / 3955 |
Focus
⚔️ 55.0% · 🌾 45.0%
Knight ×2833 · Teutonic Knight ×573 · Hand Cannoneer ×281 · Trade Cart ×143 · Bombard Cannon ×121 · Mangonel ×70
Feudal
—
Castle
—
Imperial
—
| APM avg | 34.2 |
| APM peak | 110 |
| eAPM avg | 32.8 |
| Villagers / military | 343 / 5784 |
Focus
⚔️ 76.4% · 🌾 23.6%
Boyar ×4078 · Mangonel ×822 · Scorpion ×594 · Militia ×135 · Trade Cart ×131 · Trebuchet (Packed) ×115
Feudal
—
Castle
—
Imperial
—
| APM avg | 25.8 |
| APM peak | 72 |
| eAPM avg | 24.3 |
| Villagers / military | 240 / 3567 |
Focus
⚔️ 69.8% · 🌾 30.2%
Knight ×1554 · Organ Gun ×627 · Spearman ×330 · Hand Cannoneer ×275 · Mangonel ×273 · Bombard Cannon ×258
Feudal
—
Castle
—
Imperial
—
| APM avg | 51.9 |
| APM peak | 142 |
| eAPM avg | 51.5 |
| Villagers / military | 360 / 2722 |
Focus
⚔️ 78.7% · 🌾 21.3%
Battle Elephant ×2399 · Mangonel ×281 · Trade Cart ×106 · Trebuchet (Packed) ×28 · Ballista Elephant ×14
Feudal
—
Castle
—
Imperial
—
| APM avg | 38.4 |
| APM peak | 98 |
| eAPM avg | 33.1 |
| Villagers / military | 398 / 3796 |
Focus
⚔️ 54.5% · 🌾 45.5%
Knight ×1313 · Scorpion ×1074 · Teutonic Knight ×525 · Mangonel ×375 · Bombard Cannon ×294 · Petard ×200
Feudal
—
Castle
—
Imperial
—
| APM avg | 27.9 |
| APM peak | 123 |
| eAPM avg | 26.9 |
| Villagers / military | 424 / 3943 |
Focus
⚔️ 63.5% · 🌾 36.5%
Knight ×2156 · Mangonel ×772 · Scorpion ×489 · Scout Cavalry ×415 · Trade Cart ×186 · Woad Raider ×75
Match map
Initial resources + every placement click. Lines = walls · curves = elevation contours. ◆ gold · ⬟ stone · ● berries · ✦ relic · ◌ wall gap
Your base· ✓ Map-separated
muendo's base· ✓ Map-separated
T I T A N's base· ✓ Map-separated
TwiX's base· ✓ Map-separated
Ecbert's base· ✓ Map-separated
TroTamundoS's base· ✓ Map-separated
Smoothed initial terrain · ◌ = detected wall gap · hover for details
Inputs per minute
— Furan - - muendo
Build order — Furan
First 150 of 1580 actions detected
| 0:07 | Create | Villager (Male) |
| 0:07 | Create | Villager (Male) |
| 0:08 | Create | Villager (Male) |
| 0:08 | Create | Villager (Male) |
| 0:08 | Create | Villager (Male) |
| 0:09 | Create | Villager (Male) |
| 0:09 | Create | Villager (Male) |
| 0:13 | Build | Town Center |
| 0:16 | Build | Town Center |
| 0:18 | Build | Town Center |
| 0:20 | Build | Town Center |
| 0:21 | Build | Town Center |
| 0:24 | Build | Town Center |
| 0:26 | Build | Town Center |
| 0:28 | Build | Town Center |
| 0:29 | Build | Town Center |
| 0:41 | Build | Market |
| 0:43 | Build | Market |
| 0:54 | Build | Town Center |
| 0:55 | Build | Town Center |
| 0:57 | Build | Town Center |
| 0:58 | Build | Town Center |
| 1:00 | Build | Town Center |
| 1:02 | Build | Town Center |
| 1:03 | Build | Town Center |
| 1:04 | Build | Town Center |
| 1:07 | Build | Town Center |
| 1:09 | Build | Town Center |
| 1:11 | Build | Town Center |
| 1:13 | Build | Town Center |
| 1:15 | Build | Town Center |
| 1:29 | Build | Monastery |
| 1:31 | Build | House |
| 1:32 | Build | House |
| 1:32 | Build | House |
| 1:32 | Build | House |
| 1:33 | Build | House |
| 1:34 | Build | House |
| 1:34 | Build | House |
| 1:34 | Build | House |
| 1:35 | Build | House |
| 1:36 | Build | House |
| 1:40 | Build | House |
| 1:41 | Build | House |
| 1:42 | Build | House |
| 1:44 | Build | House |
| 1:44 | Build | House |
| 1:45 | Build | House |
| 1:46 | Build | House |
| 1:46 | Build | House |
| 1:47 | Build | House |
| 1:48 | Build | House |
| 1:51 | Build | House |
| 1:52 | Build | House |
| 1:52 | Build | House |
| 1:52 | Build | House |
| 1:53 | Build | House |
| 1:53 | Build | House |
| 1:54 | Build | House |
| 1:54 | Build | House |
| 1:54 | Build | House |
| 1:55 | Build | House |
| 1:55 | Build | House |
| 1:56 | Build | House |
| 1:56 | Build | House |
| 1:56 | Build | House |
| 1:57 | Build | House |
| 1:59 | Build | House |
| 1:59 | Build | House |
| 2:00 | Build | House |
| 2:00 | Build | House |
| 2:01 | Build | House |
| 2:01 | Build | House |
| 2:02 | Build | House |
| 2:02 | Build | House |
| 2:03 | Build | House |
| 2:03 | Build | House |
| 2:03 | Build | House |
| 2:04 | Build | House |
| 2:04 | Build | House |
| 2:05 | Build | House |
| 2:05 | Build | House |
| 2:05 | Build | House |
| 2:42 | Build | Town Center |
| 2:45 | Build | Town Center |
| 2:47 | Build | Town Center |
| 2:49 | Build | Town Center |
| 2:54 | Build | Town Center |
| 2:55 | Build | Town Center |
| 2:58 | Build | Town Center |
| 3:00 | Build | Town Center |
| 3:01 | Build | Town Center |
| 3:04 | Build | Town Center |
| 3:06 | Build | Town Center |
| 3:22 | Create | Villager (Male) |
| 3:23 | Create | Villager (Male) ×5 |
| 3:23 | Create | Villager (Male) |
| 3:23 | Create | Villager (Male) |
| 3:24 | Create | Villager (Male) ×5 |
| 3:24 | Create | Villager (Male) ×5 |
| 3:24 | Create | Villager (Male) ×5 |
| 3:25 | Create | Villager (Male) ×5 |
| 3:25 | Create | Villager (Male) ×5 |
| 3:26 | Create | Villager (Male) ×5 |
| 3:48 | Build | Lumber Camp |
| 4:15 | Build | Market |
| 4:17 | Build | Market |
| 4:19 | Build | Market |
| 4:20 | Build | Market |
| 4:22 | Build | Market |
| 4:24 | Build | Market |
| 4:27 | Build | Market |
| 4:29 | Build | Market |
| 4:33 | Build | Market |
| 4:34 | Build | Market |
| 4:38 | Build | Market |
| 4:39 | Build | Market |
| 4:41 | Build | Market |
| 4:43 | Build | Market |
| 4:44 | Build | Market |
| 4:48 | Build | Market |
| 4:49 | Build | Market |
| 4:52 | Build | Market |
| 4:54 | Build | Market |
| 4:56 | Build | Market |
| 5:00 | Build | Lumber Camp |
| 5:36 | Build | Lumber Camp |
| 5:40 | Build | Mining Camp |
| 5:45 | Build | Mining Camp |
| 5:53 | Create | Monk |
| 5:53 | Create | Monk |
| 5:53 | Create | Monk |
| 6:10 | Build | Lumber Camp |
| 6:12 | Build | Lumber Camp |
| 6:13 | Build | Lumber Camp |
| 6:14 | Build | Lumber Camp |
| 6:15 | Build | Lumber Camp |
| 6:18 | Build | Lumber Camp |
| 6:18 | Build | Lumber Camp |
| 6:21 | Build | Lumber Camp |
| 6:22 | Build | Lumber Camp |
| 6:24 | Build | Lumber Camp |
| 6:31 | Create | Villager (Male) ×5 |
| 6:31 | Create | Villager (Male) ×5 |
| 6:32 | Create | Villager (Male) ×5 |
| 6:32 | Create | Villager (Male) ×5 |
| 6:32 | Create | Villager (Male) ×5 |
| 6:33 | Create | Villager (Male) ×5 |
| 6:33 | Create | Villager (Male) ×5 |
| 6:33 | Create | Villager (Male) ×5 |
Build order — muendo
First 150 of 1641 actions detected
| 0:05 | Create | Villager (Male) ×5 |
| 0:05 | Create | Villager (Male) ×5 |
| 0:06 | Create | Villager (Male) ×5 |
| 0:06 | Create | Villager (Male) ×5 |
| 0:15 | Build | Town Center |
| 0:16 | Build | Town Center |
| 0:16 | Build | Town Center |
| 0:16 | Build | Town Center |
| 0:17 | Build | Town Center |
| 0:17 | Build | Town Center |
| 0:18 | Build | Town Center |
| 0:19 | Build | Town Center |
| 0:19 | Build | Town Center |
| 0:20 | Build | Town Center |
| 0:20 | Build | Town Center |
| 0:20 | Build | Town Center |
| 0:21 | Build | Town Center |
| 0:21 | Build | Town Center |
| 0:21 | Build | Town Center |
| 0:22 | Build | Town Center |
| 0:22 | Build | Town Center |
| 0:23 | Build | Town Center |
| 0:23 | Build | Town Center |
| 0:23 | Build | Town Center |
| 0:26 | Build | Town Center |
| 0:26 | Build | Town Center |
| 0:27 | Build | Town Center |
| 0:27 | Build | Town Center |
| 0:29 | Build | Town Center |
| 0:30 | Build | Town Center |
| 0:31 | Build | Town Center |
| 0:31 | Build | Town Center |
| 0:32 | Build | Town Center |
| 0:32 | Build | Town Center |
| 0:33 | Build | Town Center |
| 0:34 | Build | Town Center |
| 0:35 | Build | Town Center |
| 0:36 | Build | Town Center |
| 0:37 | Build | Town Center |
| 0:38 | Build | Town Center |
| 0:38 | Build | Town Center |
| 0:39 | Build | Town Center |
| 0:39 | Build | Town Center |
| 0:40 | Build | Town Center |
| 0:44 | Build | Town Center |
| 0:44 | Build | Town Center |
| 0:45 | Build | Town Center |
| 0:45 | Build | Town Center |
| 0:45 | Build | Town Center |
| 0:46 | Build | Town Center |
| 0:46 | Build | Town Center |
| 0:49 | Build | Town Center |
| 0:49 | Build | Town Center |
| 0:49 | Build | Town Center |
| 0:50 | Build | Town Center |
| 0:51 | Build | Town Center |
| 0:52 | Build | Town Center |
| 0:52 | Build | Town Center |
| 1:02 | Create | Villager (Male) ×5 |
| 1:03 | Create | Villager (Male) ×5 |
| 1:03 | Create | Villager (Male) ×5 |
| 1:03 | Create | Villager (Male) ×5 |
| 1:04 | Create | Villager (Male) ×5 |
| 1:04 | Create | Villager (Male) ×5 |
| 1:04 | Create | Villager (Male) ×2 |
| 1:22 | Create | Villager (Male) ×5 |
| 1:23 | Create | Villager (Male) ×5 |
| 1:23 | Create | Villager (Male) ×5 |
| 1:23 | Create | Villager (Male) ×5 |
| 1:24 | Create | Villager (Male) |
| 1:37 | Build | Market |
| 1:38 | Build | Market |
| 1:38 | Build | Market |
| 1:39 | Build | Market |
| 1:39 | Build | Market |
| 1:40 | Build | Market |
| 1:42 | Build | Market |
| 1:43 | Build | Market |
| 1:45 | Build | Market |
| 1:46 | Build | Market |
| 1:47 | Build | Market |
| 1:48 | Build | Market |
| 1:49 | Build | Market |
| 1:50 | Build | Market |
| 1:51 | Build | Market |
| 1:56 | Build | Market |
| 1:57 | Build | Market |
| 1:57 | Build | Market |
| 1:58 | Build | Market |
| 1:59 | Build | Market |
| 1:59 | Build | Market |
| 2:00 | Build | Market |
| 2:02 | Build | Market |
| 2:10 | Create | Villager (Male) ×5 |
| 2:10 | Create | Villager (Male) ×5 |
| 2:11 | Create | Villager (Male) ×5 |
| 2:11 | Create | Villager (Male) ×5 |
| 2:12 | Create | Villager (Male) ×5 |
| 2:12 | Create | Villager (Male) ×5 |
| 2:12 | Create | Villager (Male) ×5 |
| 2:12 | Create | Villager (Male) ×5 |
| 2:13 | Create | Villager (Male) ×5 |
| 2:13 | Create | Villager (Male) ×5 |
| 2:30 | Create | Villager (Male) ×5 |
| 2:31 | Create | Villager (Male) ×5 |
| 2:31 | Create | Villager (Male) ×5 |
| 2:31 | Create | Villager (Male) ×5 |
| 2:32 | Create | Villager (Male) ×5 |
| 2:49 | Build | House |
| 2:49 | Build | House |
| 2:49 | Build | House |
| 2:50 | Build | House |
| 2:50 | Build | House |
| 2:50 | Build | House |
| 2:57 | Create | Villager (Male) ×5 |
| 2:57 | Create | Villager (Male) ×5 |
| 2:58 | Create | Villager (Male) ×5 |
| 2:58 | Create | Villager (Male) ×5 |
| 2:58 | Create | Villager (Male) ×5 |
| 4:00 | Build | Stone Wall |
| 4:03 | Build | Stone Wall |
| 4:07 | Build | Stone Wall |
| 4:09 | Build | Stone Wall |
| 4:19 | Build | Stone Wall |
| 4:21 | Build | Stone Wall |
| 4:27 | Build | Gate |
| 4:29 | Build | Gate |
| 4:33 | Build | Gate |
| 4:39 | Build | Gate |
| 4:41 | Build | Gate |
| 4:46 | Build | Gate |
| 4:47 | Build | Gate |
| 4:54 | Build | Lumber Camp |
| 4:59 | Build | Lumber Camp |
| 5:04 | Build | Mining Camp |
| 5:07 | Create | Villager (Male) ×5 |
| 5:07 | Create | Villager (Male) ×5 |
| 5:07 | Create | Villager (Male) ×5 |
| 5:08 | Create | Villager (Male) ×5 |
| 5:08 | Create | Villager (Male) ×5 |
| 5:08 | Create | Villager (Male) ×5 |
| 5:09 | Create | Villager (Male) ×5 |
| 5:09 | Create | Villager (Male) ×5 |
| 5:09 | Create | Villager (Male) ×5 |
| 5:09 | Create | Villager (Male) ×5 |
| 5:10 | Create | Villager (Male) ×5 |
| 5:10 | Create | Villager (Male) ×5 |
| 5:10 | Create | Villager (Male) ×5 |
| 5:11 | Create | Villager (Male) ×5 |
| 5:11 | Create | Villager (Male) ×5 |
Build order — T I T A N
First 150 of 1180 actions detected
| 0:02 | Create | Villager (Male) ×5 |
| 0:02 | Create | Villager (Male) ×5 |
| 0:10 | Build | Market |
| 0:44 | Build | Town Center |
| 0:47 | Build | Town Center |
| 0:50 | Build | Town Center |
| 0:53 | Build | Town Center |
| 0:55 | Build | Town Center |
| 0:59 | Build | Town Center |
| 1:01 | Build | Town Center |
| 1:04 | Build | Town Center |
| 1:07 | Build | Town Center |
| 1:26 | Build | Town Center |
| 1:28 | Build | Town Center |
| 1:30 | Build | Town Center |
| 1:31 | Build | Town Center |
| 1:32 | Build | Town Center |
| 1:41 | Build | House |
| 1:42 | Build | House |
| 1:42 | Build | House |
| 1:42 | Build | House |
| 1:43 | Build | House |
| 1:43 | Build | House |
| 1:43 | Build | House |
| 1:43 | Build | House |
| 1:43 | Build | House |
| 1:44 | Build | House |
| 1:44 | Build | House |
| 1:44 | Build | House |
| 1:44 | Build | House |
| 1:45 | Build | House |
| 1:45 | Build | House |
| 1:45 | Build | House |
| 1:45 | Build | House |
| 1:46 | Build | House |
| 1:46 | Build | House |
| 1:46 | Build | House |
| 1:47 | Build | House |
| 1:47 | Build | House |
| 1:47 | Build | House |
| 1:47 | Build | House |
| 1:54 | Create | Villager (Male) ×5 |
| 2:28 | Build | Stone Wall |
| 2:35 | Build | Stone Wall |
| 2:44 | Create | Villager (Male) ×5 |
| 2:53 | Build | Feitoria |
| 3:01 | Build | Feitoria |
| 3:06 | Build | Feitoria |
| 3:08 | Build | Feitoria |
| 3:10 | Build | Feitoria |
| 3:13 | Build | Feitoria |
| 3:14 | Build | Feitoria |
| 3:17 | Build | Feitoria |
| 3:23 | Build | Feitoria |
| 3:25 | Build | Feitoria |
| 3:31 | Create | Villager (Male) ×5 |
| 4:05 | Build | Stone Wall |
| 4:13 | Create | Villager (Male) ×5 |
| 4:14 | Create | Villager (Male) ×5 |
| 4:16 | Create | Villager (Male) ×5 |
| 4:16 | Create | Villager (Male) ×5 |
| 4:26 | Create | Villager (Male) ×5 |
| 4:40 | Build | Market |
| 4:42 | Build | Market |
| 4:46 | Build | Market |
| 4:48 | Build | Market |
| 4:54 | Build | Farm |
| 4:54 | Build | Farm |
| 5:02 | Create | Villager (Male) ×5 |
| 5:02 | Create | Villager (Male) ×5 |
| 5:03 | Create | Villager (Male) ×5 |
| 5:03 | Create | Villager (Male) ×5 |
| 5:04 | Create | Villager (Male) ×5 |
| 5:05 | Create | Villager (Male) ×5 |
| 5:05 | Create | Villager (Male) ×5 |
| 5:05 | Create | Villager (Male) ×5 |
| 5:06 | Create | Villager (Male) ×5 |
| 5:06 | Create | Villager (Male) ×5 |
| 5:06 | Create | Villager (Male) ×5 |
| 5:07 | Create | Villager (Male) ×5 |
| 5:07 | Create | Villager (Male) ×5 |
| 5:07 | Create | Villager (Male) ×5 |
| 5:07 | Create | Villager (Male) ×5 |
| 5:07 | Create | Villager (Male) ×5 |
| 5:57 | Create | Villager (Male) ×5 |
| 5:57 | Create | Villager (Male) ×5 |
| 6:00 | Create | Villager (Male) ×5 |
| 6:01 | Create | Villager (Male) ×5 |
| 6:12 | Build | Mining Camp |
| 6:20 | Build | Mining Camp |
| 6:24 | Create | Villager (Male) ×5 |
| 6:24 | Create | Villager (Male) ×5 |
| 6:25 | Create | Villager (Male) ×5 |
| 6:25 | Create | Villager (Male) ×5 |
| 6:25 | Create | Villager (Male) ×5 |
| 6:26 | Create | Villager (Male) ×5 |
| 6:26 | Create | Villager (Male) ×5 |
| 6:26 | Create | Villager (Male) ×5 |
| 7:08 | Build | Mining Camp |
| 7:22 | Create | Trade Cart ×5 |
| 7:23 | Create | Trade Cart ×5 |
| 7:24 | Create | Trade Cart ×5 |
| 7:25 | Create | Trade Cart ×5 |
| 7:26 | Create | Trade Cart ×5 |
| 7:29 | Create | Trade Cart ×5 |
| 7:30 | Create | Trade Cart ×5 |
| 7:31 | Create | Trade Cart ×5 |
| 7:43 | Build | Market |
| 8:21 | Build | Gate |
| 8:57 | Build | Castle |
| 8:59 | Build | Castle |
| 9:02 | Build | Castle |
| 9:05 | Build | Castle |
| 9:09 | Build | Castle |
| 9:11 | Build | Castle |
| 9:17 | Build | Castle |
| 9:19 | Build | Castle |
| 9:34 | Build | Farm |
| 9:34 | Build | Farm |
| 9:35 | Build | Farm |
| 9:35 | Build | Farm |
| 9:36 | Build | Farm |
| 9:36 | Build | Farm |
| 9:36 | Build | Farm |
| 9:37 | Build | Farm |
| 9:39 | Build | Farm |
| 9:39 | Build | Farm |
| 9:39 | Build | Farm |
| 9:40 | Build | Farm |
| 9:40 | Build | Farm |
| 9:41 | Build | Farm |
| 9:42 | Build | Farm |
| 9:42 | Build | Farm |
| 9:43 | Build | Farm |
| 9:43 | Build | Farm |
| 9:43 | Build | Farm |
| 9:44 | Build | Farm |
| 9:45 | Build | Farm |
| 9:45 | Build | Farm |
| 9:46 | Build | Farm |
| 9:46 | Build | Farm |
| 9:47 | Build | Farm |
| 9:48 | Build | Farm |
| 9:49 | Build | Farm |
| 9:49 | Build | Farm |
| 9:49 | Build | Farm |
| 9:50 | Build | Farm |
| 9:50 | Build | Farm |
| 9:51 | Build | Farm |
| 9:52 | Build | Farm |
Build order — TwiX
First 150 of 3519 actions detected
| 0:02 | Create | Villager (Male) |
| 0:02 | Create | Villager (Male) |
| 0:02 | Create | Villager (Male) |
| 0:03 | Create | Villager (Male) |
| 0:03 | Create | Villager (Male) |
| 0:03 | Create | Villager (Male) |
| 0:04 | Create | Villager (Male) |
| 0:04 | Create | Villager (Male) |
| 0:04 | Create | Villager (Male) |
| 0:05 | Create | Villager (Male) |
| 0:05 | Create | Villager (Male) |
| 0:05 | Create | Villager (Male) |
| 0:06 | Create | Villager (Male) |
| 0:06 | Create | Villager (Male) |
| 0:07 | Create | Villager (Male) |
| 0:07 | Create | Villager (Male) |
| 0:07 | Create | Villager (Male) |
| 0:13 | Build | House |
| 0:14 | Build | House |
| 0:15 | Build | House |
| 0:16 | Build | House |
| 0:18 | Build | House |
| 0:18 | Build | House |
| 0:19 | Build | House |
| 0:20 | Build | House |
| 0:21 | Build | House |
| 0:22 | Build | House |
| 0:23 | Build | House |
| 0:25 | Build | House |
| 0:34 | Build | Market |
| 0:36 | Build | Market |
| 0:37 | Build | Market |
| 0:40 | Build | Market |
| 0:51 | Build | Market |
| 0:52 | Build | Market |
| 0:54 | Build | Market |
| 1:05 | Build | Town Center |
| 1:13 | Build | Town Center |
| 1:22 | Build | Town Center |
| 1:30 | Build | Town Center |
| 1:40 | Build | Town Center |
| 1:51 | Build | Town Center |
| 2:00 | Build | House |
| 2:00 | Build | House |
| 2:01 | Build | House |
| 2:02 | Build | House |
| 2:03 | Build | House |
| 2:04 | Build | House |
| 2:04 | Build | House |
| 2:05 | Build | House |
| 2:23 | Build | Town Center |
| 2:27 | Build | Town Center |
| 2:29 | Build | Town Center |
| 2:32 | Build | Town Center |
| 2:33 | Build | Town Center |
| 2:35 | Build | Town Center |
| 2:37 | Build | Town Center |
| 2:39 | Build | Town Center |
| 2:42 | Build | Town Center |
| 2:43 | Build | Town Center |
| 2:44 | Build | Town Center |
| 2:46 | Build | Town Center |
| 2:48 | Build | Town Center |
| 2:52 | Create | Villager (Male) |
| 2:52 | Create | Villager (Male) |
| 2:53 | Create | Villager (Male) |
| 2:53 | Create | Villager (Male) |
| 2:53 | Create | Villager (Male) |
| 2:53 | Create | Villager (Male) |
| 2:54 | Create | Villager (Male) |
| 3:04 | Create | Villager (Male) |
| 3:05 | Create | Villager (Male) |
| 3:05 | Create | Villager (Male) |
| 3:05 | Create | Villager (Male) |
| 3:06 | Create | Villager (Male) |
| 3:06 | Create | Villager (Male) |
| 3:06 | Create | Villager (Male) |
| 3:07 | Create | Villager (Male) |
| 3:07 | Create | Villager (Male) |
| 3:08 | Create | Villager (Male) |
| 3:08 | Create | Villager (Male) |
| 3:08 | Create | Villager (Male) |
| 3:09 | Create | Villager (Male) |
| 3:09 | Create | Villager (Male) |
| 3:10 | Create | Villager (Male) |
| 3:10 | Create | Villager (Male) |
| 3:10 | Create | Villager (Male) |
| 3:14 | Create | Villager (Male) |
| 3:14 | Create | Villager (Male) |
| 3:15 | Create | Villager (Male) |
| 3:15 | Create | Villager (Male) |
| 3:15 | Create | Villager (Male) |
| 3:16 | Create | Villager (Male) |
| 3:16 | Create | Villager (Male) |
| 3:17 | Create | Villager (Male) |
| 3:17 | Create | Villager (Male) |
| 3:17 | Create | Villager (Male) |
| 3:18 | Create | Villager (Male) |
| 3:18 | Create | Villager (Male) |
| 3:18 | Create | Villager (Male) |
| 3:19 | Create | Villager (Male) |
| 3:19 | Create | Villager (Male) |
| 3:20 | Create | Villager (Male) |
| 3:20 | Create | Villager (Male) |
| 3:20 | Create | Villager (Male) |
| 3:21 | Create | Villager (Male) |
| 3:21 | Create | Villager (Male) |
| 3:22 | Create | Villager (Male) |
| 3:22 | Create | Villager (Male) |
| 3:22 | Create | Villager (Male) |
| 3:23 | Create | Villager (Male) |
| 3:23 | Create | Villager (Male) |
| 3:23 | Create | Villager (Male) |
| 3:24 | Create | Villager (Male) |
| 3:24 | Create | Villager (Male) |
| 3:24 | Create | Villager (Male) |
| 3:25 | Create | Villager (Male) |
| 3:25 | Create | Villager (Male) |
| 3:25 | Create | Villager (Male) |
| 3:32 | Build | Town Center |
| 3:39 | Create | Villager (Male) |
| 3:39 | Create | Villager (Male) |
| 3:39 | Create | Villager (Male) |
| 3:40 | Create | Villager (Male) |
| 3:40 | Create | Villager (Male) |
| 3:41 | Create | Villager (Male) |
| 3:41 | Create | Villager (Male) |
| 3:41 | Create | Villager (Male) |
| 3:42 | Create | Villager (Male) |
| 3:42 | Create | Villager (Male) |
| 3:42 | Create | Villager (Male) |
| 3:43 | Create | Villager (Male) |
| 3:43 | Create | Villager (Male) |
| 3:43 | Create | Villager (Male) |
| 3:44 | Create | Villager (Male) |
| 3:44 | Create | Villager (Male) |
| 3:44 | Create | Villager (Male) |
| 3:45 | Create | Villager (Male) |
| 3:46 | Create | Villager (Male) |
| 3:46 | Create | Villager (Male) |
| 3:46 | Create | Villager (Male) |
| 3:47 | Create | Villager (Male) |
| 3:47 | Create | Villager (Male) |
| 3:47 | Create | Villager (Male) |
| 3:48 | Create | Villager (Male) |
| 3:48 | Create | Villager (Male) |
| 3:48 | Create | Villager (Male) |
| 3:49 | Create | Villager (Male) |
| 3:49 | Create | Villager (Male) |
| 3:49 | Create | Villager (Male) |
Build order — Ecbert
First 150 of 1315 actions detected
| 0:03 | Create | Villager (Male) |
| 0:03 | Create | Villager (Male) |
| 0:04 | Create | Villager (Male) |
| 0:04 | Create | Villager (Male) |
| 0:04 | Create | Villager (Male) |
| 0:04 | Create | Villager (Male) |
| 0:10 | Build | Town Center |
| 0:10 | Build | Town Center |
| 0:10 | Build | Town Center |
| 0:11 | Build | Town Center |
| 0:11 | Build | Town Center |
| 0:11 | Build | Town Center |
| 0:12 | Build | Town Center |
| 0:12 | Build | Town Center |
| 0:13 | Build | Town Center |
| 0:14 | Build | Town Center |
| 0:14 | Build | Town Center |
| 0:16 | Build | Town Center |
| 0:16 | Build | Town Center |
| 0:16 | Build | Town Center |
| 0:17 | Build | Town Center |
| 0:17 | Build | Town Center |
| 0:17 | Build | Town Center |
| 0:17 | Build | Town Center |
| 0:18 | Build | Town Center |
| 0:18 | Build | Town Center |
| 0:19 | Build | Town Center |
| 0:19 | Build | Town Center |
| 0:19 | Build | Town Center |
| 0:20 | Build | Town Center |
| 0:20 | Build | Town Center |
| 0:20 | Build | Town Center |
| 0:21 | Build | Town Center |
| 0:21 | Build | Town Center |
| 0:21 | Build | Town Center |
| 0:22 | Build | Town Center |
| 0:22 | Build | Town Center |
| 0:22 | Build | Town Center |
| 0:23 | Build | Town Center |
| 0:23 | Build | Town Center |
| 0:24 | Build | Town Center |
| 0:24 | Build | Town Center |
| 0:24 | Build | Town Center |
| 0:24 | Build | Town Center |
| 0:25 | Build | Town Center |
| 0:25 | Build | Town Center |
| 0:25 | Build | Town Center |
| 0:26 | Build | Town Center |
| 0:29 | Build | Town Center |
| 0:30 | Build | Town Center |
| 0:30 | Build | Town Center |
| 0:32 | Build | Town Center |
| 0:33 | Build | Town Center |
| 0:57 | Build | Market |
| 0:58 | Build | Market |
| 0:59 | Build | Market |
| 1:00 | Build | Market |
| 1:02 | Build | Market |
| 1:03 | Build | Market |
| 1:04 | Build | Market |
| 1:05 | Build | Market |
| 1:06 | Build | Market |
| 1:08 | Build | Market |
| 1:09 | Build | Market |
| 1:10 | Build | Market |
| 1:11 | Build | Market |
| 1:12 | Build | Market |
| 1:13 | Build | Market |
| 1:18 | Build | Lumber Camp |
| 1:25 | Create | Villager (Male) ×5 |
| 1:25 | Create | Villager (Male) ×5 |
| 1:25 | Create | Villager (Male) ×5 |
| 1:26 | Create | Villager (Male) ×5 |
| 1:26 | Create | Villager (Male) ×5 |
| 1:26 | Create | Villager (Male) ×5 |
| 1:27 | Create | Villager (Male) ×5 |
| 1:27 | Create | Villager (Male) ×5 |
| 1:27 | Create | Villager (Male) ×5 |
| 1:50 | Create | Villager (Male) ×5 |
| 1:50 | Create | Villager (Male) ×5 |
| 1:51 | Create | Villager (Male) ×5 |
| 1:51 | Create | Villager (Male) ×5 |
| 1:51 | Create | Villager (Male) ×5 |
| 1:51 | Create | Villager (Male) ×5 |
| 1:52 | Create | Villager (Male) ×5 |
| 1:52 | Create | Villager (Male) |
| 1:59 | Build | House |
| 2:00 | Build | House |
| 2:00 | Build | House |
| 2:00 | Build | House |
| 2:00 | Build | House |
| 2:01 | Build | House |
| 2:01 | Build | House |
| 2:01 | Build | House |
| 2:02 | Build | House |
| 2:02 | Build | House |
| 2:02 | Build | House |
| 2:02 | Build | House |
| 2:03 | Build | House |
| 2:03 | Build | House |
| 2:03 | Build | House |
| 2:04 | Build | House |
| 2:04 | Build | House |
| 2:04 | Build | House |
| 2:05 | Build | House |
| 2:07 | Build | House |
| 2:08 | Build | House |
| 2:08 | Build | House |
| 2:08 | Build | House |
| 2:08 | Build | House |
| 2:14 | Build | Mining Camp |
| 2:19 | Create | Villager (Male) ×5 |
| 2:20 | Create | Villager (Male) ×5 |
| 2:20 | Create | Villager (Male) ×5 |
| 2:20 | Create | Villager (Male) ×5 |
| 2:20 | Create | Villager (Male) ×5 |
| 2:21 | Create | Villager (Male) ×5 |
| 2:33 | Create | Villager (Male) |
| 2:33 | Create | Villager (Male) |
| 2:56 | Create | Villager (Male) ×5 |
| 2:56 | Create | Villager (Male) ×5 |
| 2:57 | Create | Villager (Male) ×5 |
| 2:57 | Create | Villager (Male) ×5 |
| 2:57 | Create | Villager (Male) ×5 |
| 2:58 | Create | Villager (Male) ×5 |
| 2:58 | Create | Villager (Male) ×5 |
| 2:58 | Create | Villager (Male) ×5 |
| 3:29 | Create | Villager (Male) ×5 |
| 3:29 | Create | Villager (Male) ×5 |
| 3:29 | Create | Villager (Male) ×5 |
| 3:30 | Create | Villager (Male) ×5 |
| 3:30 | Create | Villager (Male) ×5 |
| 3:30 | Create | Villager (Male) ×5 |
| 3:49 | Create | Villager (Male) ×5 |
| 3:50 | Create | Villager (Male) ×5 |
| 3:50 | Create | Villager (Male) ×5 |
| 3:50 | Create | Villager (Male) ×5 |
| 3:50 | Create | Villager (Male) ×5 |
| 3:51 | Create | Villager (Male) ×5 |
| 3:56 | Build | Mining Camp |
| 4:00 | Build | Lumber Camp |
| 4:03 | Build | Mining Camp |
| 4:08 | Build | Lumber Camp |
| 4:14 | Create | Villager (Male) ×5 |
| 4:14 | Create | Villager (Male) ×5 |
| 4:15 | Create | Villager (Male) ×5 |
| 4:15 | Create | Villager (Male) ×5 |
| 4:15 | Create | Villager (Male) ×5 |
| 4:16 | Create | Villager (Male) ×5 |
| 4:32 | Build | Lumber Camp |
Build order — TroTamundoS
First 150 of 1380 actions detected
| 0:03 | Create | Villager (Male) |
| 0:03 | Create | Villager (Male) |
| 0:04 | Create | Villager (Male) ×5 |
| 0:04 | Create | Villager (Male) ×5 |
| 0:04 | Create | Villager (Male) ×3 |
| 0:13 | Build | Town Center |
| 0:16 | Build | Town Center |
| 0:21 | Build | Town Center |
| 0:24 | Build | Town Center |
| 0:29 | Build | Town Center |
| 0:32 | Build | Town Center |
| 0:36 | Build | Town Center |
| 0:38 | Build | Town Center |
| 0:42 | Build | Town Center |
| 0:43 | Build | Town Center |
| 0:48 | Build | Town Center |
| 0:49 | Build | Town Center |
| 0:58 | Build | Town Center |
| 1:00 | Build | Town Center |
| 1:03 | Build | Town Center |
| 1:04 | Build | Town Center |
| 1:08 | Create | Villager (Male) |
| 1:08 | Create | Villager (Male) ×5 |
| 1:09 | Create | Villager (Male) ×5 |
| 1:09 | Create | Villager (Male) ×5 |
| 1:09 | Create | Villager (Male) |
| 1:19 | Build | Town Center |
| 1:20 | Build | Town Center |
| 1:20 | Build | Town Center |
| 1:21 | Build | Town Center |
| 1:24 | Build | Town Center |
| 1:26 | Build | Town Center |
| 1:27 | Create | Villager (Male) ×5 |
| 1:28 | Create | Villager (Male) ×5 |
| 1:28 | Create | Villager (Male) ×5 |
| 1:28 | Create | Villager (Male) ×5 |
| 1:29 | Create | Villager (Male) ×5 |
| 1:29 | Create | Villager (Male) ×5 |
| 1:29 | Create | Villager (Male) ×5 |
| 1:30 | Create | Villager (Male) ×5 |
| 1:30 | Create | Villager (Male) ×5 |
| 1:30 | Create | Villager (Male) |
| 1:37 | Build | Town Center |
| 1:39 | Build | Town Center |
| 1:41 | Build | Town Center |
| 1:42 | Build | Town Center |
| 1:43 | Build | Town Center |
| 1:43 | Build | Town Center |
| 1:48 | Build | Town Center |
| 2:06 | Create | Villager (Male) |
| 2:06 | Create | Villager (Male) ×5 |
| 2:07 | Create | Villager (Male) ×5 |
| 2:07 | Create | Villager (Male) ×5 |
| 2:07 | Create | Villager (Male) ×5 |
| 2:08 | Create | Villager (Male) ×5 |
| 2:08 | Create | Villager (Male) ×5 |
| 2:08 | Create | Villager (Male) ×5 |
| 2:08 | Create | Villager (Male) ×5 |
| 2:09 | Create | Villager (Male) ×5 |
| 2:09 | Create | Villager (Male) ×5 |
| 2:09 | Create | Villager (Male) ×5 |
| 2:10 | Create | Villager (Male) ×5 |
| 2:10 | Create | Villager (Male) ×5 |
| 2:10 | Create | Villager (Male) ×5 |
| 2:11 | Create | Villager (Male) ×5 |
| 2:11 | Create | Villager (Male) ×5 |
| 2:11 | Create | Villager (Male) ×5 |
| 2:11 | Create | Villager (Male) ×5 |
| 2:12 | Create | Villager (Male) ×5 |
| 2:12 | Create | Villager (Male) ×5 |
| 2:19 | Build | Town Center |
| 2:20 | Build | Town Center |
| 2:25 | Build | Town Center |
| 2:27 | Build | Town Center |
| 2:28 | Build | Town Center |
| 2:42 | Create | Villager (Male) ×5 |
| 2:43 | Create | Villager (Male) ×5 |
| 2:43 | Create | Villager (Male) ×5 |
| 2:43 | Create | Villager (Male) ×5 |
| 2:44 | Create | Villager (Male) ×5 |
| 2:44 | Create | Villager (Male) ×5 |
| 2:44 | Create | Villager (Male) ×5 |
| 2:45 | Create | Villager (Male) ×5 |
| 2:45 | Create | Villager (Male) ×5 |
| 2:45 | Create | Villager (Male) ×5 |
| 2:46 | Create | Villager (Male) ×5 |
| 2:57 | Build | House |
| 2:58 | Build | House |
| 2:58 | Build | House |
| 3:00 | Build | House |
| 3:01 | Build | House |
| 3:04 | Build | House |
| 3:08 | Build | Lumber Camp |
| 3:10 | Build | Lumber Camp |
| 3:40 | Build | Lumber Camp |
| 3:49 | Build | Lumber Camp |
| 4:20 | Create | Villager (Male) ×5 |
| 4:20 | Create | Villager (Male) ×5 |
| 4:21 | Create | Villager (Male) ×5 |
| 4:21 | Create | Villager (Male) ×5 |
| 4:21 | Create | Villager (Male) ×5 |
| 4:21 | Create | Villager (Male) ×5 |
| 4:22 | Create | Villager (Male) ×5 |
| 4:22 | Create | Villager (Male) ×5 |
| 4:22 | Create | Villager (Male) ×5 |
| 4:23 | Create | Villager (Male) ×5 |
| 4:23 | Create | Villager (Male) ×5 |
| 4:23 | Create | Villager (Male) ×5 |
| 4:24 | Create | Villager (Male) ×5 |
| 4:33 | Build | Lumber Camp |
| 4:34 | Build | Lumber Camp |
| 4:35 | Build | Lumber Camp |
| 4:59 | Build | Market |
| 5:00 | Build | Market |
| 5:00 | Build | Market |
| 5:01 | Build | Market |
| 5:02 | Build | Market |
| 5:07 | Build | Market |
| 5:08 | Build | Market |
| 5:11 | Build | Market |
| 5:12 | Build | Market |
| 5:12 | Build | Market |
| 5:16 | Build | Market |
| 5:17 | Build | Market |
| 5:20 | Build | Market |
| 5:21 | Build | Market |
| 5:22 | Build | Market |
| 5:23 | Build | Market |
| 5:23 | Build | Market |
| 5:24 | Build | Market |
| 5:25 | Build | Market |
| 5:26 | Build | Market |
| 5:31 | Build | Market |
| 5:34 | Build | Lumber Camp |
| 5:56 | Build | Lumber Camp |
| 6:30 | Build | Lumber Camp |
| 6:48 | Build | Lumber Camp |
| 6:57 | Build | Mining Camp |
| 7:04 | Create | Villager (Male) ×5 |
| 7:04 | Create | Villager (Male) ×5 |
| 7:05 | Create | Villager (Male) ×5 |
| 7:05 | Create | Villager (Male) ×5 |
| 7:06 | Create | Villager (Male) ×5 |
| 7:06 | Create | Villager (Male) ×5 |
| 7:06 | Create | Villager (Male) ×5 |
| 7:06 | Create | Villager (Male) ×5 |
| 7:07 | Create | Villager (Male) ×5 |
| 7:07 | Create | Villager (Male) ×5 |
| 7:07 | Create | Villager (Male) ×5 |
| 7:39 | Build | Lumber Camp |
Match timeline
| 0:23 | T I T A N · first_market_buy 500 stone |
| 1:29 | Furan · first_building Monastery |
| 2:28 | T I T A N · wall_segment Stone Wall x41 |
| 2:35 | T I T A N · wall_segment Stone Wall x11 |
| 4:00 | muendo · wall_segment Stone Wall x19 |
| 4:03 | muendo · wall_segment Stone Wall x12 |
| 4:05 | T I T A N · wall_segment Stone Wall x42 |
| 4:07 | muendo · wall_segment Stone Wall x6 |
| 4:09 | muendo · wall_segment Stone Wall x12 |
| 4:19 | muendo · wall_segment Stone Wall x41 |
| 4:21 | muendo · wall_segment Stone Wall x61 |
| 8:57 | T I T A N · first_building Castle |
| 9:02 | TroTamundoS · wall_segment Stone Wall x29 |
| 9:05 | Furan · wall_segment Stone Wall x86 |
| 9:08 | TroTamundoS · wall_segment Stone Wall x6 |
| 9:11 | TroTamundoS · wall_segment Stone Wall x27 |
| 10:06 | Ecbert · wall_segment Stone Wall x55 |
| 10:11 | Ecbert · wall_segment Stone Wall x12 |
| 10:30 | TwiX · wall_segment Stone Wall x98 |
| 10:37 | muendo · wall_segment Stone Wall x75 |
| 10:44 | Furan · wall_segment Stone Wall x27 |
| 11:02 | Furan · first_building Castle |
| 11:18 | T I T A N · wall_segment Stone Wall x18 |
| 11:22 | Furan · first_market_buy 500 stone |
| 11:26 | T I T A N · wall_segment Stone Wall x18 |
| 11:31 | T I T A N · wall_segment Stone Wall x9 |
| 11:36 | T I T A N · wall_segment Stone Wall x12 |
| 11:47 | T I T A N · wall_segment Stone Wall x25 |
| 11:52 | Furan · wall_segment Stone Wall x47 |
| 12:07 | TwiX · wall_segment Stone Wall x12 |
| 12:13 | muendo · first_building Castle |
| 12:18 | TwiX · wall_segment Stone Wall x49 |
| 12:25 | TwiX · wall_segment Stone Wall x15 |
| 12:29 | TroTamundoS · wall_segment Stone Wall x8 |
| 12:36 | TroTamundoS · wall_segment Stone Wall x4 |
| 12:41 | TroTamundoS · wall_segment Stone Wall x29 |
| 12:56 | muendo · first_building Barracks |
| 13:03 | TwiX · wall_segment Stone Wall x15 |
| 13:14 | TwiX · wall_segment Stone Wall x62 |
| 13:20 | Ecbert · wall_segment Stone Wall x10 |
| 13:26 | Ecbert · first_building Castle |
| 13:37 | Furan · first_building Stable |
| 13:57 | T I T A N · wall_segment Stone Wall x11 |
| 13:57 | TroTamundoS · wall_segment Stone Wall x29 |
| 13:58 | Ecbert · wall_segment Stone Wall x65 |
| 14:00 | Furan · first_building Archery Range |
| 14:00 | TroTamundoS · wall_segment Stone Wall x35 |
| 14:04 | T I T A N · wall_segment Stone Wall x12 |
| 14:11 | T I T A N · wall_segment Stone Wall x9 |
| 14:15 | TroTamundoS · wall_segment Stone Wall x42 |
| 14:19 | TroTamundoS · wall_segment Stone Wall x23 |
| 14:20 | T I T A N · wall_segment Stone Wall x43 |
| 14:39 | T I T A N · wall_segment Stone Wall x12 |
| 14:45 | muendo · wall_segment Stone Wall x75 |
| 14:46 | T I T A N · wall_segment Stone Wall x25 |
| 14:59 | TroTamundoS · wall_segment Stone Wall x6 |
| 15:01 | Furan · first_building Siege Workshop |
| 15:10 | TroTamundoS · first_building Siege Workshop |
| 15:14 | Ecbert · first_building Siege Workshop |
| 15:34 | T I T A N · wall_segment Stone Wall x7 |
| 15:38 | TroTamundoS · first_building Stable |
| 15:39 | T I T A N · wall_segment Stone Wall x6 |
| 15:49 | T I T A N · wall_segment Stone Wall x21 |
| 16:04 | TroTamundoS · first_building Castle |
| 16:24 | Ecbert · wall_segment Stone Wall x78 |
| 16:43 | muendo · first_building Siege Workshop |
| 17:05 | Furan · wall_segment Stone Wall x22 |
| 17:14 | TroTamundoS · wall_segment Stone Wall x7 |
| 17:17 | TroTamundoS · wall_segment Stone Wall x6 |
| 17:21 | TroTamundoS · wall_segment Stone Wall x6 |
| 17:23 | TroTamundoS · wall_segment Stone Wall x10 |
| 17:42 | muendo · wall_segment Stone Wall x17 |
| 17:42 | Ecbert · first_building Stable |
| 17:50 | Furan · wall_segment Stone Wall x20 |
| 17:54 | Furan · wall_segment Stone Wall x12 |
| 17:59 | Furan · wall_segment Stone Wall x28 |
| 18:02 | Furan · wall_segment Stone Wall x11 |
| 18:05 | Furan · wall_segment Stone Wall x13 |
| 18:06 | T I T A N · first_building Monastery |
| 18:19 | T I T A N · first_building Siege Workshop |
| 18:26 | TroTamundoS · wall_segment Stone Wall x28 |
| 18:28 | TroTamundoS · wall_segment Stone Wall x12 |
| 18:39 | Ecbert · wall_segment Stone Wall x2 |
| 18:56 | T I T A N · first_building Barracks |
| 19:13 | TroTamundoS · wall_segment Stone Wall x29 |
| 19:13 | Ecbert · first_building Archery Range |
| 19:32 | TwiX · first_building Stable |
| 19:39 | Furan · first_building Barracks |
| 20:59 | TwiX · first_building Siege Workshop |
| 21:34 | Furan · wall_segment Stone Wall x12 |
| 21:47 | T I T A N · first_building Stable |
| 21:48 | TroTamundoS · wall_segment Stone Wall x7 |
| 21:51 | TroTamundoS · wall_segment Stone Wall x28 |
| 21:52 | TroTamundoS · wall_segment Stone Wall x3 |
| 21:55 | TroTamundoS · wall_segment Stone Wall x13 |
| 22:10 | Ecbert · wall_segment Stone Wall x9 |
| 22:27 | Ecbert · wall_segment Stone Wall x57 |
| 23:10 | TroTamundoS · wall_segment Stone Wall x21 |
| 23:20 | TwiX · first_building Castle |
| 23:27 | Ecbert · first_building Barracks |
| 23:56 | TroTamundoS · wall_segment Stone Wall x37 |
| 24:20 | muendo · wall_segment Stone Wall x66 |
| 25:10 | muendo · wall_segment Stone Wall x29 |
| 25:46 | Ecbert · wall_segment Stone Wall x11 |
| 27:12 | Ecbert · wall_segment Stone Wall x20 |
| 27:37 | Ecbert · wall_segment Stone Wall x14 |
| 27:38 | Ecbert · wall_segment Stone Wall x2 |
| 33:08 | Ecbert · wall_segment Stone Wall x24 |
| 33:12 | Ecbert · wall_segment Stone Wall x40 |
| 33:16 | Ecbert · first_market_buy 500 stone |
| 33:36 | Ecbert · wall_segment Stone Wall x18 |
| 33:38 | Ecbert · wall_segment Stone Wall x45 |
| 34:43 | Furan · wall_segment Stone Wall x17 |
| 34:52 | Furan · wall_segment Stone Wall x24 |
| 34:57 | Furan · wall_segment Stone Wall x8 |
| 35:13 | muendo · wall_segment Stone Wall x15 |
| 35:23 | TroTamundoS · wall_segment Stone Wall x13 |
| 35:25 | TroTamundoS · wall_segment Stone Wall x5 |
| 35:37 | Furan · wall_segment Stone Wall x15 |
| 35:52 | Furan · wall_segment Stone Wall x23 |
| 41:45 | Ecbert · wall_segment Stone Wall x15 |
| 41:50 | Ecbert · wall_segment Stone Wall x28 |
| 42:09 | T I T A N · first_building Archery Range |
| 42:38 | TroTamundoS · first_market_buy 500 wood |
| 44:01 | Ecbert · wall_segment Stone Wall x5 |
| 45:46 | Furan · tribute_sent a jugador 1 |
| 45:46 | Furan · tribute_sent a jugador 3 |
| 45:46 | Furan · tribute_sent a jugador 4 |
| 45:46 | Furan · tribute_sent a jugador 5 |
| 45:46 | Furan · tribute_sent a jugador 6 |
| 47:40 | TroTamundoS · first_building Barracks |
| 53:00 | Ecbert · tribute_sent a jugador 1 |
| 53:00 | Ecbert · tribute_sent a jugador 2 |
| 53:00 | Ecbert · tribute_sent a jugador 3 |
| 53:00 | Ecbert · tribute_sent a jugador 4 |
| 53:00 | Ecbert · tribute_sent a jugador 6 |
| 53:58 | T I T A N · wall_segment Stone Wall x5 |
| 57:30 | Furan · wall_segment Stone Wall x8 |
| 57:45 | T I T A N · tribute_sent a jugador 1 |
| 57:45 | T I T A N · tribute_sent a jugador 2 |
| 57:45 | T I T A N · tribute_sent a jugador 4 |
| 57:45 | T I T A N · tribute_sent a jugador 5 |
| 57:45 | T I T A N · tribute_sent a jugador 6 |
| 57:51 | Furan · wall_segment Stone Wall x4 |
| 57:57 | Furan · wall_segment Stone Wall x10 |
| 58:02 | Furan · wall_segment Stone Wall x6 |
| 58:03 | TwiX · first_market_buy 100 stone |
| 59:18 | Furan · tribute_sent a jugador 1 |
| 59:18 | Furan · tribute_sent a jugador 3 |
| 59:18 | Furan · tribute_sent a jugador 4 |
| 59:18 | Furan · tribute_sent a jugador 5 |
| 59:18 | Furan · tribute_sent a jugador 6 |
| 65:04 | TroTamundoS · tribute_sent a jugador 1 |
| 65:04 | TroTamundoS · tribute_sent a jugador 2 |
| 65:04 | TroTamundoS · tribute_sent a jugador 3 |
| 65:04 | TroTamundoS · tribute_sent a jugador 4 |
| 65:04 | TroTamundoS · tribute_sent a jugador 5 |
| 65:26 | TroTamundoS · wall_segment Stone Wall x16 |
| 65:27 | TroTamundoS · wall_segment Stone Wall x11 |
| 67:47 | Furan · tribute_sent a jugador 1 |
| 67:47 | Furan · tribute_sent a jugador 3 |
| 67:47 | Furan · tribute_sent a jugador 4 |
| 67:47 | Furan · tribute_sent a jugador 5 |
| 67:47 | Furan · tribute_sent a jugador 6 |
| 68:28 | Ecbert · wall_segment Stone Wall x9 |
| 70:25 | TroTamundoS · wall_segment Stone Wall x15 |
| 70:27 | TroTamundoS · wall_segment Stone Wall x3 |
| 73:32 | Furan · tribute_sent a jugador 1 |
| 73:32 | Furan · tribute_sent a jugador 3 |
| 73:32 | Furan · tribute_sent a jugador 4 |
| 73:32 | Furan · tribute_sent a jugador 5 |
| 73:32 | Furan · tribute_sent a jugador 6 |
| 73:48 | muendo · first_market_buy 500 wood |
| 74:47 | TroTamundoS · tribute_sent a jugador 1 |
| 74:47 | TroTamundoS · tribute_sent a jugador 2 |
| 74:47 | TroTamundoS · tribute_sent a jugador 3 |
| 74:47 | TroTamundoS · tribute_sent a jugador 4 |
| 74:47 | TroTamundoS · tribute_sent a jugador 5 |
| 75:15 | Ecbert · wall_segment Stone Wall x8 |
| 76:49 | Ecbert · resign |
| 76:58 | TroTamundoS · tribute_sent a jugador 1 |
| 76:58 | TroTamundoS · tribute_sent a jugador 2 |
| 76:58 | TroTamundoS · tribute_sent a jugador 3 |
| 76:58 | TroTamundoS · tribute_sent a jugador 4 |
| 76:58 | TroTamundoS · tribute_sent a jugador 5 |
[ AI ANALYSIS · 1 CREDIT ]
What really happened in this match?
Wolo.gg analyzes every decision: build order, eco, micro, common mistakes by bracket. Personalized analysis on WhatsApp or Discord in 30 seconds.
Civ guide
Teutons
Perfil
Jugador #22961642